[ AOE2 MATCH · #496666494 ]
UnrankedVietnamese vs Romans
[ REPLAY ANALYSIS · EXTRACTED FROM THE RECORDED GAME ]
Feudal
—
Castle
—
Imperial
—
| APM avg | 61.8 |
| APM peak | 74 |
| eAPM avg | 15.4 |
| Villagers / military | 7 / 0 |
Focus
⚔️ 23.3% · 🌾 76.7%
Fishing Ship ×1
Feudal
—
Castle
—
Imperial
—
| APM avg | 30.7 |
| APM peak | 58 |
| eAPM avg | 11.0 |
| Villagers / military | 14 / 0 |
Focus
⚔️ 13.3% · 🌾 86.7%
Fishing Ship ×1
Feudal
—
Castle
—
Imperial
—
| APM avg | 59.8 |
| APM peak | 99 |
| eAPM avg | 11.2 |
| Villagers / military | 13 / 0 |
Focus
⚔️ 25.0% · 🌾 75.0%
Fishing Ship ×1
Feudal
—
Castle
—
Imperial
—
| APM avg | 31.5 |
| APM peak | 42 |
| eAPM avg | 12.8 |
| Villagers / military | 15 / 0 |
Focus
⚔️ 25.9% · 🌾 74.1%
Fishing Ship ×3
Feudal
—
Castle
—
Imperial
—
| APM avg | 48.1 |
| APM peak | 69 |
| eAPM avg | 12.1 |
| Villagers / military | 11 / 0 |
Focus
⚔️ 34.2% · 🌾 65.8%
Fishing Ship ×2
Feudal
—
Castle
—
Imperial
—
| APM avg | 24.5 |
| APM peak | 49 |
| eAPM avg | 12.6 |
| Villagers / military | 7 / 0 |
Focus
⚔️ 17.5% · 🌾 82.5%
Fishing Ship ×2
Feudal
—
Castle
—
Imperial
—
| APM avg | 26.2 |
| APM peak | 29 |
| eAPM avg | 7.0 |
| Villagers / military | 6 / 0 |
Focus
⚔️ 32.3% · 🌾 67.7%
Fishing Ship ×1
Feudal
—
Castle
—
Imperial
—
| APM avg | 6.4 |
| APM peak | 17 |
| eAPM avg | 4.0 |
| Villagers / military | 5 / 0 |
Focus
⚔️ 20.0% · 🌾 80.0%
Match map
Initial resources + every placement click. Lines = walls · curves = elevation contours. ◆ gold · ⬟ stone · ● berries · ✦ relic · ◌ wall gap
Your base
the republic of Rome's base
SKYRIM's base
xGusZx24's base
尼爾's base
OTTIS21's base
Kou_Bs's base
叫声乌鸦哥's base
Smoothed initial terrain · ◌ = detected wall gap · hover for details
Inputs per minute
— 三月 - - the republic of Rome
Build order — 三月
12 actions detected in the replay
| 0:27 | Build | Town Center |
| 0:40 | Build | Town Center |
| 2:31 | Build | Dock |
| 3:09 | Queue | Villager (Male) |
| 3:09 | Queue | Villager (Male) |
| 3:10 | Queue | Villager (Male) |
| 3:10 | Queue | Villager (Male) |
| 3:58 | Queue | Fishing Ship |
| 4:44 | Queue | Villager (Male) |
| 4:45 | Queue | Villager (Male) |
| 5:07 | Build | House |
| 5:17 | Queue | Villager (Male) |
Build order — the republic of Rome
11 actions detected in the replay
| 0:09 | Build | House |
| 0:17 | Build | Town Center |
| 1:12 | Build | Dock |
| 2:02 | Build | House |
| 2:38 | Research | Loom |
| 2:38 | Queue | Villager (Male) ×4 |
| 2:38 | Queue | Villager (Male) ×4 |
| 2:39 | Queue | Villager (Male) ×4 |
| 4:15 | Queue | Villager (Male) |
| 4:52 | Queue | Fishing Ship |
| 5:13 | Queue | Villager (Male) |
Build order — SKYRIM
12 actions detected in the replay
| 1:00 | Build | Town Center |
| 1:58 | Build | Dock |
| 2:07 | Build | Palisade Wall |
| 2:09 | Build | Palisade Wall |
| 3:19 | Queue | Villager (Male) ×5 |
| 3:19 | Queue | Villager (Male) ×5 |
| 4:02 | Queue | Fishing Ship |
| 4:27 | Research | Loom |
| 4:38 | Build | House |
| 4:50 | Queue | Villager (Male) |
| 4:51 | Queue | Villager (Male) |
| 4:51 | Queue | Villager (Male) |
Build order — xGusZx24
15 actions detected in the replay
| 0:11 | Build | Town Center |
| 0:53 | Build | Dock |
| 0:55 | Build | House |
| 2:35 | Queue | Villager (Male) ×5 |
| 2:35 | Queue | Villager (Male) ×5 |
| 2:36 | Queue | Fishing Ship |
| 3:41 | Queue | Villager (Male) |
| 3:41 | Queue | Villager (Male) |
| 4:00 | Build | House |
| 4:35 | Queue | Villager (Male) |
| 4:35 | Queue | Villager (Male) |
| 4:39 | Queue | Fishing Ship |
| 4:39 | Queue | Fishing Ship |
| 5:01 | Build | House |
| 5:26 | Queue | Villager (Male) |
Build order — 尼爾
11 actions detected in the replay
| 0:08 | Build | Town Center |
| 1:21 | Build | Dock |
| 2:40 | Queue | Villager (Male) ×4 |
| 2:40 | Queue | Villager (Male) ×4 |
| 3:53 | Queue | Fishing Ship |
| 3:56 | Build | House |
| 3:57 | Queue | Villager (Male) |
| 4:43 | Research | Loom |
| 4:58 | Queue | Fishing Ship |
| 5:05 | Queue | Villager (Male) |
| 5:06 | Queue | Villager (Male) |
Build order — OTTIS21
13 actions detected in the replay
| 0:32 | Build | Town Center |
| 1:05 | Build | Dock |
| 1:07 | Build | House |
| 2:44 | Queue | Villager (Male) |
| 2:44 | Queue | Villager (Male) |
| 2:45 | Queue | Villager (Male) |
| 2:45 | Queue | Villager (Male) |
| 2:45 | Queue | Villager (Male) |
| 3:45 | Queue | Fishing Ship |
| 3:45 | Queue | Fishing Ship |
| 4:16 | Queue | Villager (Male) |
| 4:38 | Build | House |
| 4:48 | Queue | Villager (Male) |
Build order — Kou_Bs
11 actions detected in the replay
| 0:23 | Build | Town Center |
| 2:17 | Build | Dock |
| 2:19 | Build | House |
| 2:39 | Queue | Villager (Male) |
| 2:39 | Queue | Villager (Male) |
| 2:39 | Queue | Villager (Male) |
| 2:56 | Queue | Villager (Male) |
| 2:57 | Queue | Villager (Male) |
| 3:59 | Queue | Fishing Ship |
| 4:23 | Research | Loom |
| 4:46 | Queue | Villager (Male) |
Build order — 叫声乌鸦哥
4 actions detected in the replay
| 0:55 | Build | Town Center |
| 0:57 | Build | Dock |
| 1:01 | Build | House |
| 4:40 | Queue | Villager (Male) ×5 |
Match timeline
| 0:53 | xGusZx24 · first_building Dock |
| 0:57 | 叫声乌鸦哥 · first_building Dock |
| 1:05 | OTTIS21 · first_building Dock |
| 1:12 | the republic of Rome · first_building Dock |
| 1:21 | 尼爾 · first_building Dock |
| 1:58 | SKYRIM · first_building Dock |
| 2:07 | SKYRIM · wall_segment Palisade Wall x1 |
| 2:09 | SKYRIM · wall_segment Palisade Wall x1 |
| 2:17 | Kou_Bs · first_building Dock |
| 2:31 | 三月 · first_building Dock |
| 5:09 | 叫声乌鸦哥 · resign |
[ AI ANALYSIS · 1 CREDIT ]
What really happened in this match?
Wolo.gg analyzes every decision: build order, eco, micro, common mistakes by bracket. Personalized analysis on WhatsApp or Discord in 30 seconds.
Civ guide
Vietnamese
Perfil
Jugador #9980684